 Dungeon Crawl Stone Soup version 0.27-a0-1324-ge0d8e047f6 (webtiles) character file.

Game seed: 10393772610396864940

205 avis the Insei (level 5, -7/42 HPs)
             Began as a Draconian Transmuter on June 24, 2021.
             Blown up by Ijyb (19 damage)
             ... with a mindburst bolt
             ... on level 3 of the Dungeon.
             The game lasted 00:11:24 (2696 turns).

avis the Insei (Draconian Transmuter)               Turns: 2696, Time: 00:11:24

Health: -7/42      AC:  2    Str: 12    XL:     5   Next: 52%
Magic:  6/9        EV: 19    Int: 13    God:
Gold:   103        SH:  0    Dex: 18    Spells: 0/10 levels left

rFire    . . .     SeeInvis .     - Unarmed
rCold    . . .     Faith    .   (shield currently unavailable)
rNeg     . . .     Spirit   .   (armour unavailable)
rPois    x         Reflect  .   (helmet currently unavailable)
rElec    .         Harm     .   (cloak currently unavailable)
rCorr    .         Rampage  .   (gloves currently unavailable)
Will     .....                  (boots currently unavailable)
Stlth    ++........             (no amulet)
HPRegen  0.14/turn              (no ring)
MPRegen  0.11/turn              (no ring)

@: spider-form
A: venomous fangs, AC +5, tiny, unfitting armour, (cold-blooded)
a: End Transformation


You were on level 3 of the Dungeon.
You were a venomous arachnid creature.
You visited 1 branch of the dungeon, and saw 3 of its levels.

You collected 103 gold pieces.

Inventory:

Hand Weapons
 a - a +1 whip of electrocution (melded)
Missiles
 d - 56 stones
 h - 43 arrows
 i - 28 bolts
Armour
 j - a +0 kite shield
Scrolls
 b - 2 scrolls of fear {unknown}
 c - 2 scrolls of amnesia {unknown}
 f - 4 scrolls of identify {unknown}
 g - a scroll of magic mapping {unknown}
 m - a scroll of brand weapon {unknown}
 n - a scroll of silence {unknown}
Potions
 e - a potion of heal wounds {unknown}
 k - a potion of magic {unknown}
 l - 2 potions of curing {unknown}
 o - a potion of cancellation {unknown}


   Skills:
 + Level 2.5 Fighting
 - Level 2.0 Dodging
 + Level 3.4 Unarmed Combat
 - Level 3.0 Spellcasting
 * Level 2.9 Transmutations
 - Level 3.0 Poison Magic


You couldn't memorise any spells.
You knew the following spells:

 Your Spells              Type           Power      Damage    Failure   Level
a - Beastly Appendage     Tmut           18%        N/A       19%         1
b - Wereblood             Tmut           9%         N/A       26%         2
p - Spider Form           Tmut/Pois      4%         N/A       41%         3
q - Ice Form              Ice/Tmut       5%         N/A       90%         4

Your spell library contained the following spells:

 Spells                   Type           Power      Damage    Failure   Level
 Summon Small Mammal      Summ           4%         N/A       43%         1
 Call Imp                 Summ           1%         N/A       56%         2
 Call Canine Familiar     Summ           1%         N/A       77%         3
 Summon Guardian Golem    Hex/Summ       1%         N/A       77%         3
 Summon Ice Beast         Ice/Summ       1%         N/A       98%         4
 Summon Lightning Spire   Summ/Air       1%         N/A       98%         4


Dungeon Overview and Level Annotations

Branches:
Dungeon (3/15)

Altars:
Vehumet

Annotations:
D:3 Ijyb


Innate Abilities, Weirdness & Mutations

You are a venomous arachnid creature.
You have poisonous fangs.
You are tiny and dextrous.
Your spellcasting is less reliable in this form.
Your armour is entirely melded.
You are incapable of wielding weapons or throwing items.
((Your plain brown scales are hard. (AC +5)))
You cannot fit into any form of body armour.
((You are cold-blooded and may be slowed by cold attacks.))


Message History

Ijyb shouts!
There is a stone staircase leading down here.
Casting: Beastly Appendage (safe; 7% risk of failure)
Confirm with . or Enter, or press ? or * to list all spells.
You grow a pair of large bovine horns.
Your feet morph into talons.
Your transformation is almost over.
A hobgoblin comes into view.
The hobgoblin shouts!
Ijyb hits you but does no damage.
You closely miss Ijyb.
Ijyb zaps a wand.
Your mind is blasted!
Ouch! That really hurt!
A dart slug comes into view.
You hit Ijyb but do no damage. Ijyb hits you with a +0 club.
You hit Ijyb but do no damage. You claw Ijyb.
Ijyb is moderately wounded.
Ijyb closely misses you.
You closely miss Ijyb. You claw Ijyb, but do no damage.
Ijyb is moderately wounded.
Ijyb barely misses you.
Casting: Beastly Appendage (safe; 7% risk of failure)
Confirm with . or Enter, or press ? or * to list all spells.
The spell is quite dangerous to cast (21% risk of failure)!
Continue anyway?
Your horns disappear.
Your talons disappear.
You turn into a venomous arachnid creature.
Your +1 whip of electrocution melds into your body.
Your +1 whip of electrocution stops crackling.
You bite Ijyb!
Ijyb is poisoned.
Ijyb is heavily wounded.
Ijyb zaps a wand.
Your mind is blasted!
The hobgoblin hits you but does no damage.
You hit Ijyb.
Ijyb looks as sick as possible!
Ijyb is severely wounded.
Ijyb hits you with a +0 club.
* * * LOW HITPOINT WARNING * * *
The hobgoblin barely misses you.
You hit Ijyb.
Ijyb looks as sick as possible!
Ijyb is almost dead.
Ijyb screams, "It's all mine!"
Ijyb zaps a wand.
Your mind is blasted!
You die...

......# .. .. .......# .
##.# .......# ###..##
.........# .....
........... ...
..........## #w#
...........#### #.#
.##.>.........###g#
..#....^.......>sg#
............###...#######
.........................
............#####.#######
..##.......## #.#
..#.........# ###
..#.........#
.##.........#
###.........#


You could see Ijyb (extremely poisoned), a dart slug and a hobgoblin.

Vanquished Creatures
  Natasha (thrice) (D:2)
  Terence (D:3)
  3 adders (D:2)
  3 worms (D:2)
  An orc (D:3)
  4 ball pythons
  3 bats
  8 endoplasms
  5 giant cockroaches
  5 hobgoblins
  3 jackals (D:1)
  2 quokkas (D:2)
  4 frilled lizards
  8 goblins
  6 kobolds
  5 rats
64 creatures vanquished.

Notes
Turn   | Place    | Note
-------+----------+-------------------------------------------
     0 | D:1      | avis the Draconian Transmuter began the quest for the Orb.
     0 | D:1      | Reached XP level 1. HP: 16/16 MP: 3/3
   239 | D:1      | Reached XP level 2. HP: 21/23 MP: 3/5
   266 | D:1      | Learned a level 2 spell: Wereblood
   625 | D:1      | Found a faded altar of an unknown god.
   663 | D:1      | Reached XP level 3. HP: 29/29 MP: 5/7
   667 | D:1      | Learned a level 3 spell: Spider Form
  1094 | D:2      | Reached skill level 1 in Poison Magic
  1485 | D:2      | Reached XP level 4. HP: 36/36 MP: 6/8
  1704 | D:2      | Noticed Natasha
  1723 | D:2      | Killed Natasha
  1740 | D:2      | Noticed Natasha
  1756 | D:2      | Killed Natasha
  2064 | D:2      | Reached XP level 5. HP: 19/41 MP: 5/9
  2376 | D:2      | Noticed Natasha
  2385 | D:2      | Killed Natasha
  2513 | D:2      | Learned a level 4 spell: Ice Form
  2583 | D:3      | Found a radiant altar of Vehumet.
  2583 | D:3      | Noticed Terence
  2590 | D:3      | Killed Terence
  2680 | D:3      | Noticed Ijyb
  2696 | D:3      | Blown up by Ijyb

Illustrated notes

Levels and vault maps discovered:
D:1:      dpeg_arrival_rhombus, layout_basic,
          shapermc_ecumenical_altar_starsandcircs
D:2:      layout_basic, uniq_natasha
D:3:      layout_rooms, nicolae_vehumet_radiance, uniq_terence, uniq_ijyb,
          uniq_sigmund

Skill      XL: |  1  2  3  4 |
---------------+-------------+-----
Spellcasting   | 3 |  3.0
Fighting       | 2 |  2.5
Dodging        | 2 |  2.0
Poison Magic   | 2 3 |  3.0
Unarmed Combat | |  3.4
Transmutations | |  2.9

Action                   |  1- 3 |  4- 6 || total
-------------------------+-------+-------++-------
Melee: Unarmed           |   134 |    66 ||   200
       Kick              |    26 |     7 ||    33
       Tailslap          |    11 |     4 ||    15
       Headbutt          |     9 |     4 ||    13
       Punch             |     1 |       ||     1
       Whip              |       |    11 ||    11
 Cast: Beastly Appendage |    27 |    12 ||    39
       Spider Form       |       |     6 ||     6
 Stab: Sleeping          |       |     1 ||     1
Armor: Skin              |    31 |     7 ||    38
Dodge: Dodged            |    77 |    45 ||   122

Table legend: (Time is in decaauts)
 A = Elapsed time spent in this place.
 B = Non-inter-level travel time spent in this place.
 C = Inter-level travel time spent in this place.
 D = Time resting spent in this place.
 E = Time spent auto-exploring this place.
 F = Levels seen in this place.
 G = Mean time per level.
                   A        B        C        D        E       F      G
               +--------+--------+--------+--------+--------+-----+--------+
         Total |   2689 |   2551 |    138 |   1064 |    872 |   3 |  896.3 |
       Dungeon |   2689 |   2551 |    138 |   1064 |    872 |   3 |  896.3 |
               +--------+--------+--------+--------+--------+-----+--------+

Top non-repeatable levels by time:
     D:2: 1502 daAuts
     D:1: 1006 daAuts
     D:3: 180 daAuts
